| TOP OF THE 1ST |
|
Iowa Cubs batting - Pitching for New Orleans Zephyrs : RHP Al Mendoza
|
|
Pitching: RHP Al Mendoza
|
|
|
Batting: LHB Barend van der Kamp
|
0-0: Ground out 4-3 (Groundball, 4, EV 84.4 MPH)
|
|
Batting: RHB Pat Barton
|
0-0: Called Strike 0-1: Ball 1-1: Called Strike 1-2: Ball 2-2: Fly out, F8 (Flyball, 8RD, EV 101.3 MPH)
|
|
Batting: RHB Butch Koglin
|
0-0: Called Strike 0-1: Ball 1-1: Hit by Pitch
|
|
Batting: LHB Chris Morgan
|
0-0: Ball 1-0: Called Strike 1-1: Foul Ball, location: 2F 1-2: Ball 2-2: Fly out, F7 (Line Drive, 7D, EV 99.4 MPH)
|
| Top of the 1st over - 0 runs, 0 hits, 0 errors, 1 left on base; Iowa 0 - New Orleans 0 |
| BOTTOM OF THE 1ST |
|
New Orleans Zephyrs batting - Pitching for Iowa Cubs : LHP Kyle Foster
|
|
Pitching: LHP Kyle Foster
|
|
|
Batting: RHB Jerry Delgado
|
0-0: Ball 1-0: Ball 2-0: Called Strike 2-1: Swinging Strike 2-2: Strikes out swinging
|
|
Batting: RHB Omar Contreras
|
0-0: Ball 1-0: Called Strike 1-1: Ball 2-1: Called Strike 2-2: Fly out, F9 (Line Drive, 9, EV 100.6 MPH)
|
|
Batting: RHB Alex Gomez
|
0-0: Ball 1-0: Swinging Strike 1-1: Ground out 6-3 (Groundball, 6, EV 84.4 MPH)
|
| Bottom of the 1st over - 0 runs, 0 hits, 0 errors, 0 left on base; Iowa 0 - New Orleans 0 |
| TOP OF THE 2ND |
|
Iowa Cubs batting - Pitching for New Orleans Zephyrs : RHP Al Mendoza
|
|
Batting: LHB J.D. Brenner
|
0-0: Ball 1-0: Called Strike 1-1: Foul Ball, location: 2F 1-2: Strikes out swinging
|
|
Batting: SHB Seung-ho Zhang
|
0-0: Swinging Strike 0-1: Called Strike 0-2: Ball 1-2: Ball 2-2: Foul Ball, location: 2F 2-2: Strikes out swinging
|
|
Batting: SHB Nick Chandler
|
0-0: Ball 1-0: Swinging Strike 1-1: Called Strike 1-2: Ball 2-2: Fly out, F8 (Line Drive, 8RM, EV 96.3 MPH)
|
| Top of the 2nd over - 0 runs, 0 hits, 0 errors, 0 left on base; Iowa 0 - New Orleans 0 |
| BOTTOM OF THE 2ND |
|
New Orleans Zephyrs batting - Pitching for Iowa Cubs : LHP Kyle Foster
|
|
Batting: RHB Gebre-Giorgios Tikolo
|
0-0: Called Strike 0-1: SOLO HOME RUN (Flyball, 7D, EV 108.8 MPH), Distance : 430 ft
|
|
Batting: RHB Jesus Castillo
|
0-0: Ball 1-0: Fly out, F7 (Line Drive, 7, EV 86.9 MPH)
|
|
Batting: RHB Humberto Oros
|
0-0: SINGLE (Groundball, 56S, EV 63.1 MPH) (infield hit)
|
|
Batting: SHB Ramon Martinez
|
0-0: Fly out, F9 (Flyball, 9LM, EV 95.0 MPH)
|
|
Batting: RHB John Jackson
|
0-0: Foul Ball, location: 2F 0-1: Ground out 5-3 (Groundball, 56S, EV 80.0 MPH)
|
| Bottom of the 2nd over - 1 run, 2 hits, 0 errors, 1 left on base; Iowa 0 - New Orleans 1 |
| TOP OF THE 3RD |
|
Iowa Cubs batting - Pitching for New Orleans Zephyrs : RHP Al Mendoza
|
|
Batting: LHB Rich Atterberry
|
0-0: Called Strike 0-1: Ball 1-1: Ball 2-1: Called Strike 2-2: Foul Ball, location: 2F 2-2: Ball 3-2: Foul Ball, location: 2F 3-2: Foul Ball, location: 2F 3-2: Strikes out looking
|
|
Batting: LHB Jose Mojica
|
0-0: Called Strike 0-1: Ball 1-1: Ball 2-1: SINGLE (Groundball, 34D, EV 106.9 MPH)
|
|
Batting: LHB Barend van der Kamp
|
0-0: Called Strike Jose Mojica steals 2nd base 0-1: Ball 1-1: Ball 2-1: Fly out, F7 (Flyball, 78D, EV 85.0 MPH)
|
|
Batting: RHB Pat Barton
|
0-0: Ball 1-0: Foul Ball, location: 2F 1-1: Ball 2-1: Swinging Strike 2-2: Ground out U3 (Groundball, 13, EV 91.3 MPH)
|
| Top of the 3rd over - 0 runs, 1 hit, 0 errors, 1 left on base; Iowa 0 - New Orleans 1 |
| BOTTOM OF THE 3RD |
|
New Orleans Zephyrs batting - Pitching for Iowa Cubs : LHP Kyle Foster
|
|
Batting: LHB Gustavo Patella
|
0-0: Ball 1-0: Ball 2-0: Ground out 4-3 (Groundball, 4M, EV 90.0 MPH)
|
|
Batting: RHB Jerry Delgado
|
0-0: Ball 1-0: Called Strike 1-1: Foul Ball, location: 2F 1-2: SINGLE (Groundball, 6MD, EV 104.4 MPH)
|
|
Batting: RHB Omar Contreras
|
0-0: Ball 1-0: Foul Ball, location: 2F 1-1: Ball 2-1: Ball 3-1: Base on Balls Jerry Delgado to second
|
|
Batting: RHB Alex Gomez
|
0-0: Ball 1-0: Swinging Strike 1-1: Foul Ball, location: 2F 1-2: Strikes out looking
|
|
Batting: RHB Gebre-Giorgios Tikolo
|
0-0: Ball 1-0: Ball 2-0: Called Strike 2-1: Called Strike 2-2: Ball 3-2: Base on Balls Jerry Delgado to third Omar Contreras to second
|
|
Batting: RHB Jesus Castillo
|
0-0: Called Strike 0-1: Ball 1-1: Foul Ball, location: 2F 1-2: DOUBLE (Line Drive, 9LS, EV 109.4 MPH) Jerry Delgado scores Omar Contreras scores Gebre-Giorgios Tikolo to third Runner from 3rd tries for Home, SAFE, throw by RF to home
|
|
Batting: RHB Humberto Oros
|
0-0: Ball 1-0: Ball 2-0: Ball 3-0: Base on Balls
|
|
Batting: SHB Ramon Martinez
|
0-0: Foul Ball, location: 2F 0-1: Swinging Strike 0-2: Ball 1-2: Foul Ball, location: 2F 1-2: Strikes out looking
|
| Bottom of the 3rd over - 3 runs, 2 hits, 0 errors, 2 left on base; Iowa 0 - New Orleans 4 |
| TOP OF THE 4TH |
|
Iowa Cubs batting - Pitching for New Orleans Zephyrs : RHP Al Mendoza
|
|
Batting: RHB Butch Koglin
|
0-0: Ground out 6-3 (Groundball, 4M, EV 78.8 MPH)
|
|
Batting: LHB Chris Morgan
|
0-0: SOLO HOME RUN (Line Drive, 89XD, EV 105.6 MPH), Distance : 413 ft
|
|
Batting: LHB J.D. Brenner
|
0-0: Ball 1-0: Ball 2-0: Called Strike 2-1: Foul Ball, location: 2F 2-2: Ball 3-2: Strikes out swinging
|
|
Batting: SHB Seung-ho Zhang
|
0-0: Ball 1-0: Foul Ball, location: 2F 1-1: Ball 2-1: Foul Ball, location: 2F 2-2: Foul Ball, location: 2F 2-2: Ball 3-2: Base on Balls
|
|
Batting: SHB Nick Chandler
|
0-0: Swinging Strike 0-1: Ball 1-1: Ball 2-1: Ground out 4-3 (Groundball, 34D, EV 102.5 MPH)
|
| Top of the 4th over - 1 run, 1 hit, 0 errors, 1 left on base; Iowa 1 - New Orleans 4 |
| BOTTOM OF THE 4TH |
|
New Orleans Zephyrs batting - Pitching for Iowa Cubs : LHP Kyle Foster
|
|
Batting: RHB John Jackson
|
0-0: Ball 1-0: Ground out U3 (Groundball, 34, EV 89.4 MPH)
|
|
Batting: LHB Gustavo Patella
|
0-0: Ball 1-0: Fly out, F7 (Flyball, 7LM, EV 77.5 MPH)
|
|
Batting: RHB Jerry Delgado
|
0-0: Fly out, F9 (Flyball, 9S, EV 83.8 MPH)
|
| Bottom of the 4th over - 0 runs, 0 hits, 0 errors, 0 left on base; Iowa 1 - New Orleans 4 |
| TOP OF THE 5TH |
|
Iowa Cubs batting - Pitching for New Orleans Zephyrs : RHP Al Mendoza
|
|
Batting: LHB Rich Atterberry
|
0-0: Swinging Strike 0-1: Foul Ball, location: 2F 0-2: Strikes out swinging
|
|
Batting: LHB Jose Mojica
|
0-0: Ball 1-0: Called Strike 1-1: Foul Ball, location: 2F 1-2: Strikes out swinging
|
|
Batting: LHB Barend van der Kamp
|
0-0: Ball 1-0: Foul Ball, location: 2F 1-1: Ball 2-1: Swinging Strike 2-2: Foul Ball, location: 2F 2-2: Ball 3-2: Foul Ball, location: 2F 3-2: Foul Ball, location: 2F 3-2: Fly out, F7 (Flyball, 7S, EV 93.8 MPH)
|
| Top of the 5th over - 0 runs, 0 hits, 0 errors, 0 left on base; Iowa 1 - New Orleans 4 |
| BOTTOM OF THE 5TH |
|
New Orleans Zephyrs batting - Pitching for Iowa Cubs : LHP Kyle Foster
|
|
Batting: RHB Omar Contreras
|
0-0: Called Strike 0-1: Ball 1-1: SINGLE (Groundball, 6D, EV 95.0 MPH)
|
|
Batting: RHB Alex Gomez
|
0-0: Ball 1-0: Ball 2-0: Called Strike 2-1: Ball 3-1: Base on Balls Omar Contreras to second
|
|
Batting: RHB Gebre-Giorgios Tikolo
|
0-0: Ball 1-0: SINGLE (Groundball, 56S, EV 66.3 MPH) (infield hit) Omar Contreras to third Alex Gomez to second
|
|
Batting: RHB Jesus Castillo
|
0-0: Called Strike 0-1: SINGLE (Line Drive, 8LS, EV 108.8 MPH) Omar Contreras scores Alex Gomez to third Gebre-Giorgios Tikolo to second
|
|
Pitching: RHP Mike Richardson
|
|
|
Batting: RHB Humberto Oros
|
0-0: Swinging Strike 0-1: Swinging Strike 0-2: Ball 1-2: Strikes out looking
|
|
Batting: SHB Ramon Martinez
|
0-0: Ball 1-0: Ball 2-0: SINGLE (Groundball, 6D, EV 106.9 MPH) Alex Gomez scores Gebre-Giorgios Tikolo to third Jesus Castillo to second Runner from 3rd tries for Home, SAFE, throw by LF to home
|
|
Batting: RHB John Jackson
|
0-0: Ground out 5-3 (Groundball, 5L, EV 94.4 MPH) Jesus Castillo to third Ramon Martinez to second
|
|
Batting: LHB Gustavo Patella
|
0-0: Ball 1-0: Ground out 4-3 (Groundball, 4, EV 93.1 MPH)
|
| Bottom of the 5th over - 3 runs, 4 hits, 0 errors, 2 left on base; Iowa 1 - New Orleans 7 |
| TOP OF THE 6TH |
|
Iowa Cubs batting - Pitching for New Orleans Zephyrs : RHP Al Mendoza
|
|
Batting: RHB Pat Barton
|
0-0: Ball 1-0: DOUBLE (Flyball, 78D, EV 105.6 MPH)
|
|
Batting: RHB Butch Koglin
|
0-0: Ball 1-0: Ground out 4-3 (Groundball, 4, EV 85.0 MPH) Pat Barton to third
|
|
Batting: LHB Chris Morgan
|
0-0: Called Strike 0-1: Swinging Strike 0-2: Ball 1-2: Ball 2-2: Foul Ball, location: 2F 2-2: Foul Ball, location: 2F 2-2: Ground out 6-3 (Groundball, 4MD, EV 101.3 MPH) Pat Barton scores
|
|
Pitching: RHP Campbell Wagenmakers
|
|
|
Batting: LHB J.D. Brenner
|
0-0: Called Strike 0-1: Ball 1-1: Foul Ball, location: 2F 1-2: Strikes out swinging
|
| Top of the 6th over - 1 run, 1 hit, 0 errors, 0 left on base; Iowa 2 - New Orleans 7 |
| BOTTOM OF THE 6TH |
|
New Orleans Zephyrs batting - Pitching for Iowa Cubs : RHP Mike Richardson
|
|
Batting: RHB Jerry Delgado
|
0-0: SINGLE (Line Drive, 4M, EV 100.0 MPH)
|
|
Batting: RHB Omar Contreras
|
0-0: Ball 1-0: Swinging Strike 1-1: Foul Ball, location: 2F 1-2: Ball 2-2: Foul Ball, location: 2F 2-2: Strikes out swinging
|
|
Batting: RHB Alex Gomez
|
0-0: Ball 1-0: Ball 2-0: Fielders Choice at 2nd, 5-4 (Groundball, 5, EV 80.6 MPH)
|
|
Batting: RHB Gebre-Giorgios Tikolo
|
0-0: Ball 1-0: Ball 2-0: Called Strike 2-1: Ball 3-1: Called Strike 3-2: Foul Ball, location: 2F 3-2: Base on Balls Alex Gomez to second
|
|
Batting: RHB Jesus Castillo
|
0-0: SINGLE (Line Drive, 6M, EV 99.4 MPH) Alex Gomez to third Gebre-Giorgios Tikolo to second Runner from 3rd tries for Home, SAFE, throw by CF to home
|
|
Batting: RHB Humberto Oros
|
0-0: Ground out 6-3 (Groundball, 6S, EV 63.8 MPH)
|
| Bottom of the 6th over - 1 run, 2 hits, 0 errors, 2 left on base; Iowa 2 - New Orleans 8 |
| TOP OF THE 7TH |
|
Iowa Cubs batting - Pitching for New Orleans Zephyrs : RHP Campbell Wagenmakers
|
|
Batting: SHB Seung-ho Zhang
|
0-0: Ball 1-0: Foul Ball, location: 2F 1-1: Ball 2-1: Swinging Strike 2-2: Strikes out swinging
|
|
Batting: SHB Nick Chandler
|
0-0: Called Strike 0-1: Swinging Strike 0-2: Strikes out swinging
|
|
Batting: LHB Rich Atterberry
|
0-0: Called Strike 0-1: Ball 1-1: Ball 2-1: Ball 3-1: Base on Balls
|
|
Batting: LHB Jose Mojica
|
0-0: Ball 1-0: SINGLE (Groundball, 4D, EV 102.5 MPH) Rich Atterberry to second Runner from 2nd tries for 3rd, OUT! 9-5
|
| Top of the 7th over - 0 runs, 1 hit, 0 errors, 1 left on base; Iowa 2 - New Orleans 8 |
| BOTTOM OF THE 7TH |
|
New Orleans Zephyrs batting - Pitching for Iowa Cubs : RHP Mike Richardson
|
|
Batting: SHB Ramon Martinez
|
0-0: Ball 1-0: Ball 2-0: Foul Ball, location: 2F 2-1: Ball 3-1: Foul Ball, location: 2F 3-2: Ground out 6-3 (Groundball, 6, EV 85.6 MPH)
|
|
Batting: RHB John Jackson
|
0-0: Ball 1-0: Ball 2-0: Swinging Strike 2-1: Ground out 4-3 (Groundball, 4, EV 100.6 MPH)
|
|
Batting: LHB Gustavo Patella
|
0-0: Ground out U3 (Groundball, 34, EV 89.4 MPH)
|
| Bottom of the 7th over - 0 runs, 0 hits, 0 errors, 0 left on base; Iowa 2 - New Orleans 8 |
| TOP OF THE 8TH |
|
Iowa Cubs batting - Pitching for New Orleans Zephyrs : RHP Campbell Wagenmakers
|
|
Batting: LHB Barend van der Kamp
|
0-0: SINGLE (Groundball, 23, EV 75.6 MPH) (infield hit)
|
|
Batting: RHB Pat Barton
|
0-0: Foul Ball, location: 2F 0-1: Swinging Strike 0-2: Foul Ball, location: 2F 0-2: Fly out, F9 (Flyball, 89D, EV 96.3 MPH)
|
|
Batting: RHB Butch Koglin
|
0-0: Ball 1-0: Grounds into double play, 6-4-3 (Groundball, 6, EV 88.1 MPH)
|
| Top of the 8th over - 0 runs, 1 hit, 0 errors, 0 left on base; Iowa 2 - New Orleans 8 |
| BOTTOM OF THE 8TH |
|
New Orleans Zephyrs batting - Pitching for Iowa Cubs : RHP Mike Richardson
|
|
Pitching: RHP Andy Temples
|
|
|
Batting: RHB Jerry Delgado
|
0-0: Ground out 4-3 (Groundball, 4, EV 100.0 MPH)
|
|
Batting: RHB Omar Contreras
|
0-0: Swinging Strike 0-1: Swinging Strike 0-2: Ball 1-2: DOUBLE (Line Drive, 89M, EV 98.8 MPH)
|
|
Batting: RHB Alex Gomez
|
0-0: Ball 1-0: Foul Ball, location: 2F 1-1: Ball 2-1: Ball 3-1: Fly out, F8 (Flyball, 89D, EV 101.9 MPH) Runner from 2nd tags up, SAFE at 3rd, no throw by CF
|
|
Batting: RHB Gebre-Giorgios Tikolo
|
0-0: Ball 1-0: Fly out, F3 (Popup, 3SF, EV 79.4 MPH)
|
| Bottom of the 8th over - 0 runs, 1 hit, 0 errors, 1 left on base; Iowa 2 - New Orleans 8 |
| TOP OF THE 9TH |
|
Iowa Cubs batting - Pitching for New Orleans Zephyrs : RHP Campbell Wagenmakers
|
|
Batting: LHB Chris Morgan
|
0-0: Called Strike 0-1: Ball 1-1: Ball 2-1: Fly out, F9 (Flyball, 9S, EV 91.3 MPH)
|
|
Batting: LHB J.D. Brenner
|
0-0: Ground out 5-3 (Groundball, 56D, EV 87.5 MPH)
|
|
Batting: SHB Seung-ho Zhang
|
0-0: Called Strike 0-1: Swinging Strike 0-2: Strikes out swinging
|
| Top of the 9th over - 0 runs, 0 hits, 0 errors, 0 left on base; Iowa 2 - New Orleans 8 |
|